AoeStats
← [KMNB] Bandeira

Lombardia

507811041Analyzed
4v4 RM · 14d ago on Sep 19, 2026· 45m 33s· 8 players
Game mode
Random Map
Map size
Large (8 player)
Population
200
Speed
Normal
Resources
Standard
Victory
Conquest
Starting age
Dark Age
Ending age
Imperial Age
RankedLock teamsTeams togetherTeam positionsShared explorationLock speedFull tech treeHidden civsTurbo modeCheats
Victory
Defeat
🇺🇸 Tupi · United States
1312
+16
🇸🇪 Lithuanians · Sweden
1303
+16
🇨🇿 Vikings · Czechia
1280
+17
🇨🇳 Franks · China
1267
+17
🇧🇷 Magyars · Brazil
1530
-24
🇧🇷 Italians · Brazil
1483
-23
🇧🇷 Ethiopians · Brazil
1259
-15
🇧🇷 Huns · Brazil
925
-4
Polestar
7:57 Loom
10:16 Feudal Age
14:38 Castle Age
13:03 Double-Bit Axe
16:26 Fletching
20:16 Bodkin Arrow
21:10 Ballistics
23:35 Padded Archer Armor
25:15 Horse Collar
27:11 Bow Saw
28:01 Heavy Plow
29:37 Gold Mining
29:38 Stone Mining
31:11 Wheelbarrow
31:51 Gold Shaft Mining
31:28 Caravan
35:37 Imperial Age
33:39 Hand Cart
34:34 Leather Archer Armor
36:26 Bracer
36:33 Curare
35:58 Elite Blackwood Archer
37:11 Ring Archer Armor
37:52 Chemistry
39:51 Conscription
43:19 Capped Ram
44:23 Siege Ram
[82AD] WindCraft
6:34 Loom
9:19 Feudal Age
11:29 Double-Bit Axe
16:32 Castle Age
18:11 Horse Collar
18:43 Bow Saw
23:45 Pikeman
27:21 Heavy Plow
27:20 Gold Mining
27:21 Stone Mining
30:59 Imperial Age
30:17 Squires
30:22 Chieftains
31:39 Gold Shaft Mining
31:05 Arson
31:25 Gambesons
32:17 Conscription
31:26 Man-at-Arms
32:34 Caravan
32:33 Long Swordsman
33:38 Capped Ram
34:12 Two-Handed Swordsman
35:05 Forging
34:55 Scale Mail Armor
34:59 Champion
36:39 Iron Casting
37:13 Chain Mail Armor
39:08 Elite Berserk
41:08 Siege Ram
Kaben
10:39 Feudal Age
14:46 Castle Age
13:46 Horse Collar
15:16 Scale Barding Armor
15:35 Bloodlines
24:40 Double-Bit Axe
29:11 Heavy Plow
34:14 Imperial Age
32:23 Wheelbarrow
32:10 Chain Barding Armor
32:27 Husbandry
32:39 Forging
32:25 Light Cavalry
33:46 Gold Mining
33:48 Stone Mining
34:36 Iron Casting
35:11 Hand Cart
34:20 Winged Hussar
36:14 Crop Rotation
35:58 Bow Saw
35:33 Elite Leitis
36:35 Conscription
36:31 Caravan
40:29 Two-Man Saw
40:05 Stone Shaft Mining
39:24 Fletching
40:10 Plate Barding Armor
39:28 Fletching
41:19 Town Watch
41:01 Cavalier
42:30 Paladin
默默发育
11:00 Feudal Age
14:47 Castle Age
13:17 Double-Bit Axe
20:36 Bow Saw
24:21 Wheelbarrow
28:38 Imperial Age
26:12 Gold Mining
26:58 Hand Cart
28:33 Gold Shaft Mining
27:46 Town Watch
28:17 Forging
28:12 Scale Barding Armor
29:08 Town Patrol
29:46 Iron Casting
28:44 Cavalier
30:58 Chain Barding Armor
31:01 Conscription
30:05 Paladin
30:47 Husbandry
32:06 Coinage
32:51 Blast Furnace
33:53 Banking
34:58 Plate Barding Armor
34:49 Loom
41:12 Fletching
41:22 Padded Archer Armor
41:11 Light Cavalry
43:00 Caravan
Nbzinho
7:11 Loom
9:46 Feudal Age
10:24 Double-Bit Axe
12:44 Fletching
16:13 Padded Archer Armor
19:59 Horse Collar
23:56 Castle Age
23:19 Gold Mining
25:16 Bow Saw
25:04 Crossbowman
25:43 Bodkin Arrow
26:22 Thumb Ring
26:36 Leather Archer Armor
28:37 Wheelbarrow
28:39 Ballistics
29:15 Gold Shaft Mining
32:29 Hand Cart
35:34 Imperial Age
35:07 Caravan
35:37 Coinage
36:24 Masonry
42:46 Chemistry
41:29 Arbalester
42:11 Bracer
43:12 Ring Archer Armor
Vai Timão
6:44 Loom
9:11 Feudal Age
10:16 Double-Bit Axe
10:24 Horse Collar
13:45 Forging
14:28 Town Watch
15:32 Wheelbarrow
19:58 Castle Age
18:04 Gold Mining
19:18 Bloodlines
20:05 Scale Barding Armor
21:12 Chain Barding Armor
20:57 Husbandry
21:25 Heavy Plow
21:41 Bow Saw
21:34 Heavy Plow
24:31 Iron Casting
25:33 Stone Mining
27:27 Fletching
28:03 Town Watch
29:15 Hand Cart
31:46 Gold Shaft Mining
34:24 Imperial Age
32:39 Bodkin Arrow
33:46 Coinage
33:18 Caravan
35:05 Town Patrol
34:37 Cavalier
35:58 Plate Barding Armor
35:51 Conscription
37:35 Blast Furnace
36:50 Paladin
37:27 Light Cavalry
43:20 Two-Man Saw
[KMNB] Bandeira
7:15 Loom
9:57 Feudal Age
11:08 Double-Bit Axe
11:22 Horse Collar
17:28 Scale Barding Armor
18:11 Wheelbarrow
21:35 Castle Age
20:23 Bloodlines
20:38 Gold Mining
21:39 Light Cavalry
22:20 Husbandry
24:51 Chain Barding Armor
[KMNB] Galodoido
10:04 Feudal Age
11:32 Double-Bit Axe
13:50 Castle Age
12:10 Horse Collar
18:37 Bow Saw
18:13 Loom
21:45 Heavy Plow
22:35 Wheelbarrow
23:24 Gold Mining
23:30 Stone Mining
25:56 Hand Cart
27:23 Treadmill Crane
28:22 Stone Shaft Mining
31:35 Imperial Age
29:00 Fletching
29:11 Padded Archer Armor
28:59 Town Watch
30:17 Bodkin Arrow
30:38 Leather Archer Armor
30:45 Ballistics
30:36 Masonry
31:16 Thumb Ring
31:31 Town Patrol
31:41 Pikeman
32:23 Squires
32:09 Arson
32:25 Bracer
32:00 Elite Genoese Crossbowman
33:01 Conscription
33:48 Chemistry
34:16 Two-Man Saw
34:03 Silk Road
34:15 Ring Archer Armor
34:09 Caravan
34:40 Coinage
35:53 Hoardings
36:10 Architecture
35:08 Crossbowman
38:31 Pirotechnia
42:21 Elite Skirmisher
42:39 Elite Skirmisher
Connection lost

Rejoining the realm…

Still unreachable

The connection could not be restored.

Session expired

The server has moved on; the page needs a fresh start.